 Dungeon Crawl Stone Soup version 0.16.1-18-g436b03c (webtiles) character file.

7682 generalmotors the Fighter (level 11, 0/101 HPs)
             Began as a Minotaur Berserker on May 11, 2015.
             Was the Champion of Trog.
             Slain by an unseen horror (5 damage)
             ... on level 10 of the Dungeon.
             The game lasted 00:58:51 (12108 turns).

generalmotors the Fighter (Minotaur Berserker)     Turns: 12108, Time: 00:58:51

Health: 0/101      AC:  7    Str: 26    XL:     11   Next: 0%
Magic:  9/9        EV: 17    Int:  7    God:    Trog [******]
Gold:   800        SH:  0    Dex: 13    Spells: 0 memorised, 10 levels left

rFire  . . .     SeeInvis .     s - +6 dire flail (freeze)
rCold  . . .     Clarity  .     t - +1 leather armour of the Known World {-Tele rElec Int+4 Dex+3}
rNeg   . . .     SustAb   .     (no shield)
rPois  .         Gourm    .     (helmet restricted)
rElec  +         Spirit   .     p - +1 cloak
rCorr  .         Warding  .     (no gloves)
rMut   .         NoTele   +     (no boots)
MR     ++...                    v - amulet of faith
Stlth  +.........               (no ring)
                                (no ring)

@: regenerating, very resistant to hostile enchantments, very unstealthy
A: retaliatory headbutt, horns 2, slow healing 1
a: Burn Spellbooks, Berserk, Trog's Hand, Brothers in Arms, Renounce Religion


You were on level 10 of the Dungeon.
You worshipped Trog.
Trog was exalted by your worship.
You were not hungry.

You visited 1 branch of the dungeon, and saw 10 of its levels.

You collected 800 gold pieces.

Inventory:

Hand weapons
 b - a +5 morningstar of draining
 s - a +6 dire flail of freezing (weapon)
Armour
 p - a +1 cloak (worn)
 t - the +1 leather armour of the Known World (worn) {-Tele rElec Int+4 Dex+3}
   (You took it off a kobold on level 7 of the Dungeon)

   It affects your intelligence (+4).
   It affects your dexterity (+3).
   It insulates you from electricity.
   It prevents most forms of teleportation.
Rods
 k - a -3 rod of ignition (14/14)
   (You found it on level 8 of the Dungeon)
Jewellery
 d - an uncursed amulet of warding
 g - an uncursed ring of fire
 v - an amulet of faith (around neck)
Magical devices
 a - a wand of disintegration (11)
 h - a wand of magic darts (35)
 m - a wand of magic darts (24)
 n - a wand of cold (0)
 x - a wand of flame (34)
Scrolls
 e - 6 scrolls of remove curse
 f - 8 scrolls of identify
 i - a scroll of fear
 l - 3 scrolls of teleportation
Potions
 o - a potion of lignification
 r - 4 potions of resistance
 u - a potion of restore abilities
 w - a potion of agility
Miscellaneous
 q - a sack of spiders {used: 1}
Comestibles
 c - 6 bread rations


   Skills:
 + Level 10.7 Fighting
   Level 8.0(9.6) Axes
 + Level 8.4(9.9) Maces & Flails
 + Level 8.4 Armour
 + Level 9.2 Dodging
   Level 3.4 Shields
 + Level 2.8 Evocations


You had 10 spell levels left.
You didn't know any spells.

Dungeon Overview and Level Annotations

Branches:
Dungeon (10/15)            Temple (0/1) D:7            Lair (0/8) D:10
    Orc: D:9-12

Altars:
Ashenzari
Dithmenos
Gozag
Kikubaaqudgha
Nemelex Xobeh
Okawaru
Qazlal
Sif Muna
Trog
Vehumet
Xom
Yredelemnul
Zin


Innate Abilities, Weirdness & Mutations

You reflexively headbutt those who attack you in melee.
You have a pair of horns on your head.
You heal slowly when monsters are visible.


Message History

Something hits you!
* * * LOW HITPOINT WARNING * * *
Something hits you.
* * * LOW HITPOINT WARNING * * *
Something hits you!
* * * LOW HITPOINT WARNING * * *
Something hits you but does no damage.
Drink which item? (? for menu, Esc to quit)
Okay, then.
Use which ability? (? or * to list)
Your skin crawls.
You feel resistant to hostile enchantments.
You feel slightly more hungry. Something hits you but does no damage.
Something hits you.
* * * LOW HITPOINT WARNING * * *
The giant frog zombie misses you.
The giant frog zombie completely misses you.
You furiously retaliate!
You headbutt the giant frog zombie. Something hits you.
You die...

..... ... #........
....... #........
.......... #.......
..........###......#
......##...........# #.#
......##...........# #.#
......##...........# #.#
......##......Z.@..# #.#
......##.......###)# #.#
...)..##......K# #.# #.#
......##.......# #.# #.#
...............# #.# #.#
.....†.........# #.####.#
...............# #.>....#
......##.......###......#
......##................#


You could see a giant frog zombie.

Vanquished Creatures
  A hydra (D:9)
  A cyclops (D:8)
  A centaur zombie (D:9)
  Joseph (D:7)
  Psyche (D:10)
  A two-headed ogre (D:8)
  A troll (D:9)
  A hungry ghost (D:8)
  The ghost of Purkka the Shield-Bearer, an average HuFi (D:3)
  A hippogriff (D:10)
  A yak (D:10)
  A deep elf fighter (D:10)
  Edmund (D:7)
  Menkaure (D:7)
  A water moccasin (D:5)
  3 sky beasts
  2 orc warriors
  A black bear (D:9)
  2 phantoms
  3 ice beasts
  5 ogres
  A wasp (D:7)
  3 centaurs
  Duvessa (D:8)
  A big kobold (D:3)
  A crocodile (D:10)
  A giant frog (D:10)
  A killer bee (D:8)
  A scorpion (D:9)
  6 wights
  Dowan (D:8)
  4 crimson imps
  2 goliath beetles
  A giant frog zombie (D:9)
  7 hounds
  5 orc priests
  2 iguanas
  3 centaur skeletons
  A jelly (D:7)
  2 giant frog skeletons
  7 orc wizards
  8 worker ants
  A hound skeleton (D:5)
  A worker ant zombie (D:8)
  8 adders
  7 gnolls
  Natasha (twice) (D:5)
  3 river rats (D:10)
  6 worms
  2 adder skeletons
  8 giant geckos
  3 oozes
  35 orcs
  31 bats
  6 giant cockroaches
  20 hobgoblins
  16 jackals
  14 kobolds
  6 quokkas
  A ball python (D:1)
  3 giant newts
  2 giant spores
  13 goblins
  A quokka skeleton (D:4)
  35 rats
  6 ballistomycetes
  A fungus (D:10)
321 creatures vanquished.

Vanquished Creatures (collateral kills)
  4 yaks (D:9)
  A black bear (D:9)
  A centaur (D:5)
  A scorpion (D:10)
  A crimson imp (D:9)
  Natasha (D:5)
  An adder (D:5)
  An orc (D:10)
11 creatures vanquished.

Vanquished Creatures (others)
  A spider (D:10)
  A centaur (D:8)
  A hound (D:8)
  6 orcs
  A bat (D:8)
  A jackal (D:8)
11 creatures vanquished.

Grand Total: 343 creatures vanquished

Notes
Turn   | Place    | Note
--------------------------------------------------------------
     0 | D:1      | generalmotors, the Minotaur Berserker, began the quest for the Orb.
     0 | D:1      | Reached XP level 1. HP: 19/19 MP: 1/1
   303 | D:1      | Reached skill level 4 in Fighting
   339 | D:1      | Reached XP level 2. HP: 24/27 MP: 1/1
  1139 | D:2      | Reached XP level 3. HP: 31/34 MP: 2/2
  1343 | D:2      | Acquired Trog's second power
  1811 | D:2      | Reached XP level 4. HP: 12/41 MP: 2/2
  2707 | D:3      | Reached skill level 5 in Fighting
  2783 | D:3      | Found a sparkling altar of Nemelex Xobeh.
  2791 | D:3      | Noticed an ogre
  2794 | D:3      | Noticed Purkka's ghost (average HuFi)
  2817 | D:3      | Killed Purkka's ghost
  2817 | D:3      | Reached skill level 5 in Axes
  2817 | D:3      | Reached XP level 5. HP: 29/48 MP: 2/2
  3072 | D:3      | Killed an ogre
  3072 | D:3      | Reached XP level 6. HP: 56/56 MP: 3/3
  3140 | D:3      | Drew Focus: Str increased to 24, Int decreased to 3
  3141 | D:3      | Gained mutation: You heal slowly when monsters are visible. [helix card]
  3749 | D:3      | Found a bloodstained altar of Trog.
  5071 | D:4      | Reached XP level 7. HP: 62/62 MP: 3/3
  5245 | D:5      | Entered Level 5 of the Dungeon
  5284 | D:5      | Noticed Natasha
  5287 | D:5      | Killed Natasha
  5287 | D:5      | Reached skill level 6 in Fighting
  5361 | D:5      | Reached skill level 5 in Dodging
  5592 | D:5      | Noticed Natasha
  5597 | D:5      | Killed Natasha
  5628 | D:5      | Reached skill level 5 in Armour
  5903 | D:5      | Acquired Trog's third power
  6112 | D:5      | Noticed Natasha
  6117 | D:5      | Killed Natasha
  6342 | D:5      | Reached XP level 8. HP: 38/71 MP: 3/3
  6887 | D:6      | Received a gift from Trog
  7279 | D:6      | Found a stormy altar of Qazlal.
  7373 | D:6      | Found an iron altar of Okawaru.
  7426 | D:6      | Reached skill level 7 in Fighting
  7839 | D:6      | Reached skill level 1 in Shields
  8406 | D:7      | Noticed Menkaure
  8420 | D:7      | Killed Menkaure
  8478 | D:7      | Reached XP level 9. HP: 25/79 MP: 4/4
  8784 | D:7      | Noticed Edmund
  8794 | D:7      | Killed Edmund
  8794 | D:7      | Reached skill level 8 in Axes
  8933 | D:7      | Found a staircase to the Ecumenical Temple.
  8939 | D:7      | Reached skill level 1 in Evocations
  8985 | D:7      | Found a glowing silver altar of Zin.
  9082 | D:7      | Noticed Joseph
  9096 | D:7      | Killed Joseph
  9096 | D:7      | Reached skill level 1 in Maces & Flails
  9173 | D:7      | Got a shimmering leather armour
  9184 | D:7      | Identified the +1 leather armour of the Known World {-Tele rElec Int+4 Dex+3} (You took it off a kobold on level 7 of the Dungeon)
  9391 | D:7      | Found an opulent altar of Gozag.
  9392 | D:7      | Found a basalt altar of Yredelemnul.
  9588 | D:8      | Reached skill level 9 in Fighting
  9622 | D:8      | Identified a -3 rod of ignition (14/14) (You found it on level 8 of the Dungeon)
  9633 | D:8      | Noticed Duvessa
  9633 | D:8      | Noticed Dowan
  9635 | D:8      | Killed Duvessa
  9641 | D:8      | Killed Dowan
  9943 | D:8      | Found a shadowy altar of Dithmenos.
 10100 | D:8      | Noticed a cyclops
 10135 | D:8      | Killed a cyclops
 10135 | D:8      | Reached XP level 10. HP: 92/92 MP: 6/7
 10228 | D:8      | Found a shimmering altar of Xom.
 10311 | D:8      | Found a shattered altar of Ashenzari.
 10684 | D:9      | Reached skill level 5 in Maces & Flails
 10692 | D:9      | Received a gift from Trog
 10827 | D:9      | Reached skill level 10 in Fighting
 11142 | D:9      | Noticed an eight-headed hydra
 11148 | D:9      | Killed an eight-headed hydra
 11236 | D:9      | Found an ancient bone altar of Kikubaaqudgha.
 11241 | D:9      | Identified Kikubaaqudgha's Volume of Unholy Rites
 11247 | D:9      | Found a deep blue altar of Sif Muna.
 11251 | D:9      | Identified Sif Muna's Grimoire of Battle Magic
 11256 | D:9      | Found a radiant altar of Vehumet.
 11449 | D:10     | Entered Level 10 of the Dungeon
 11449 | D:10     | Noticed Psyche
 11457 | D:10     | Killed Psyche
 11749 | D:10     | Found a staircase to the Lair.
 12069 | D:10     | Reached XP level 11. HP: 101/101 MP: 9/9
 12107 | D:10     | HP: 4/101 [something (6)]
 12108 | D:10     | Slain by an unseen horror

Action                   |  1- 3 |  4- 6 |  7- 9 | 10-12 || total
-------------------------+-------+-------+-------+-------++-------
Melee: Hand axe          |   108 |   200 |   259 |       ||   567
       Dire flail        |       |       |    73 |   143 ||   216
Invok: Berserk           |       |     3 |     4 |     1 ||     8
       Burn Spellbooks   |       |       |       |     1 ||     1
       Brothers in Arms  |       |       |       |     1 ||     1
       Trog's Hand       |       |       |       |     1 ||     1
Evoke: Deck              |       |    13 |       |       ||    13
       Wand              |       |       |     5 |     4 ||     9
       Rod               |       |       |     2 |     2 ||     4
       Sack of spiders   |       |       |       |     1 ||     1
  Use: Potion            |     5 |     5 |     8 |     2 ||    20
       Scroll            |     3 |     5 |    11 |       ||    19
 Stab: Sleeping          |       |       |     1 |       ||     1
  Eat: Bread ration      |     1 |     1 |       |       ||     2
       Chunk             |       |     2 |     1 |       ||     3
       Meat ration       |       |     1 |     3 |     2 ||     6
       Beef jerky        |       |     2 |     3 |       ||     5
       Pizza             |       |       |     1 |       ||     1
